 Dungeon Crawl Stone Soup version 0.30.0-5-g1a98f26d00 (webtiles) character file.

Game seed: 486954076744227790

151 Chodeload the Charlatan (level 4, -1/37 HPs)
             Began as a Demigod Wanderer on May 9, 2023.
             Slain by a goblin
             ... wielding a +0 club
             ... led by Robin
              (3 damage)
             ... on level 3 of the Dungeon.
             The game lasted 00:08:44 (1677 turns).

Chodeload the Charlatan (Demigod Wanderer)          Turns: 1677, Time: 00:08:44

Health: -1/37      AC:  9    Str: 16    XL:     4   Next: 86%
Magic:  9/9        EV:  7    Int: 12    God:
Gold:   188        SH:  0    Dex: 16    Spells: 4/6 levels left

rFire   . . .        a - +0 whip (elec)
rCold   . . .        (no shield)
rNeg    . . .        m - +0 chain mail
rPois   +            (no helmet)
rElec   .            (no cloak)
rCorr   .            (no gloves)
SInv    .            i - +0 pair of boots
Will    .....        (no amulet) Stlth
                     w - ring of poison resistance
HPRegen 0.26/turn    (no ring)
MPRegen 0.11/turn

%: no passive effects
@: hasted, very quick
A: high MP 1, forlorn, divine attributes
a: no special abilities


You were on level 3 of the Dungeon.
You visited 1 branch of the dungeon, and saw 3 of its levels.

You collected 188 gold pieces.

Inventory:

Hand Weapons
 a - a +0 whip of electrocution (weapon)
Missiles
 g - 17 stones
 p - 2 poisoned darts (quivered)
Armour
 i - a +0 pair of boots (worn)
 m - a +0 chain mail (worn)
Jewellery
 s - a ring of fire
 w - a ring of poison resistance (left hand)
Scrolls
 b - 4 scrolls of fog
 c - a scroll of magic mapping {unknown}
 h - a scroll of summoning {unknown}
 j - a scroll of silence {unknown}
 k - a scroll of enchant armour {unknown}
 l - a scroll of amnesia {unknown}
 n - a scroll of noise {unknown}
 u - 2 scrolls of teleportation {unknown}
 v - 2 scrolls of identify {unknown}
Potions
 e - a potion of invisibility {unknown}
 f - 4 potions of curing
 o - a potion of degeneration {unknown}
 q - a potion of heal wounds {unknown}
 r - a potion of haste
 t - a potion of attraction {unknown}
Miscellaneous
 d - a piece from Xom's chessboard (15/15)


   Skills:
 + Level 2.4 Fighting
 + Level 2.4 Maces & Flails
 + Level 1.3 Armour
 + Level 1.3 Dodging
 - Level 1.7 Spellcasting
 - Level 2.6 Necromancy
 - Level 1.0 Translocations
 - Level 3.6 Evocations


You had 4 spell levels left.
You knew the following spells:

 Your Spells              Type           Power      Damage    Failure   Level
a - Apportation           Tloc           6%         N/A       94%         1
b - Necrotise             Necr           28%        1d5       77%         1

Your spell library contained the following spells:

 Spells                   Type           Power      Damage    Failure   Level
 Cigotuvi's Dreadful Rot  Necr/Pois/Air  6%         N/A       98%         2
 Gell's Gravitas          Tloc           3%         N/A       100%        3
 Animate Dead             Necr           7%         N/A       100%        4


Dungeon Overview and Level Annotations

Branches:
Dungeon (3/15)

Shops:
D:2 [

Annotations:
D:3 3 runed translucent doors, Robin; hito's ghost, weakling MiFi


Innate Abilities, Weirdness & Mutations

You have an increased reservoir of magic. (+10% MP)
You shall have no god before yourself.
Your divine heritage dramatically boosts your attributes as you level up.


Message History

The goblin is moderately wounded.
Robin hits you but does no damage. The goblin hits you with a +0 club.
The goblin hits you but does no damage.
You hit the goblin.
The goblin is severely wounded.
The goblin hits you but does no damage. Robin throws the goblin at you!
The goblin attacks as you move away!
The goblin hits you but does no damage. x2
A goblin comes into view. It is wielding a +0 club.
The goblin hits you with a +0 dagger.
You closely miss the goblin.
The goblin is moderately wounded.
The goblin closely misses you. The goblin hits you with a +0 dagger.
* * * LOW HITPOINT WARNING * * *
The goblin attacks as you move away! The goblin hits you but does no damage.
The goblin no longer looks unusually strong. x2
The goblin attacks as you move away! The goblin hits you but does no damage.
The goblin no longer looks unusually strong.
Robin roars a battlecry!
The goblins go into a battle-frenzy!
The goblin attacks as you move away! The goblin barely misses you.
The goblin attacks as you move away! The goblin hits you but does no damage.
The goblin attacks as you move away! The goblin hits you but does no damage.
The goblin attacks as you move away! The goblin hits you with a +0 club.
* * * LOW HITPOINT WARNING * * *
A hobgoblin comes into view.
The hobgoblin shouts!
The hobgoblin moves out of view.
The goblin attacks as you move away! The goblin hits you with a +0 club.
* * * LOW HITPOINT WARNING * * *
You hit the hobgoblin.
The hobgoblin is almost dead.
The goblin hits you with a +0 club.
* * * LOW HITPOINT WARNING * * *
The hobgoblin hits you.
* * * LOW HITPOINT WARNING * * *
Okay, then.
Okay, then.
It was a potion of haste.
You feel yourself speed up. The goblin hits you with a +0 club.
You die...

##.### #..|.$..# #.#.#
#. ##.8∩8.## #.#.# #
############ #.#.#
#.......###########
#.#
#.......##........#
#.#
###.......##....#'''#
#.#
..........##....#...#
#.#
#....g..##....#♣.♣#
#.# #....g@.##..).#♣.♣
#.. ####.#####....#♣.♣
#<# #g# #....#♣.♣ ###
#.# #....#♣.♣ ###g##
#....#♣.♣ ....
#....#########♣.♣ ...
#..g.'.♣♣♣♣♣♣♣♣.♣♣♣♣♣♣
...
#....'.......†.♣......
..
#....'.♣♣♣♣♣♣♣♣.♣♣♣♣♣♣


You could see a hobgoblin and a goblin (strong).

Vanquished Creatures
  5 adders
  3 worms
  7 dart slugs
  7 endoplasms
  2 giant cockroaches
  13 goblins
  8 hobgoblins
  7 jackals
  4 quokkas
  5 ball pythons
  6 bats
  5 frilled lizards
  4 kobolds
  5 rats
81 creatures vanquished.

Notes
Turn   | Place    | Note
-------+----------+-------------------------------------------
     0 | D:1      | Chodeload the Demigod Wanderer began the quest for the Orb.
     0 | D:1      | Chodeload set off with the following items: a +0 club, a
                  | scroll of fog, a +0 leather armour, a piece from Xom's
                  | chessboard (15/15); and the following spells available to
                  | memorise: Necrotise, Apportation, Cigotuvi's Dreadful Rot,
                  | Gell's Gravitas, Animate Dead.
     0 | D:1      | Reached XP level 1. HP: 14/14 MP: 5/5
     2 | D:1      | Learned a level 1 spell: Apportation
     4 | D:1      | Learned a level 1 spell: Necrotise
    49 | D:1      | Reached skill level 1 in Fighting
    49 | D:1      | Reached skill level 1 in Maces & Flails
    94 | D:1      | Reached XP level 2. HP: 21/23 MP: 7/7
   344 | D:1      | Reached XP level 3. HP: 6/29 MP: 8/8
   682 | D:2      | Found Neigu's Armour Emporium.
   785 | D:2      | Reached XP level 4. HP: 36/36 MP: 9/9
  1045 | D:2      | Reached skill level 1 in Dodging
  1072 | D:2      | Reached skill level 1 in Armour
  1263 | D:3      | Found a runed translucent gate.
  1265 | D:3      | Found a runed translucent gate.
  1271 | D:3      | Found a runed translucent gate.
  1333 | D:3      | Noticed hito's ghost (weakling MiFi)
  1608 | D:3      | Noticed Robin
  1677 | D:3      | Slain by a goblin

Illustrated notes

Levels and vault maps discovered:
D:1:      minmay_arrival_solitary_statue, layout_rooms,
          shapermc_ecumenical_altar_petra, minmay_box_of_dots
D:2:      layout_basic, serial_shops, shop, minmay_bisected
D:3:      layout_basic, ebering_ghost_gozag, kennysheep_cross_bottleneck,
          uniq_robin

Skill      XL: |  1  2  3  4 |
---------------+-------------+-----
Fighting       | 1 2 |  2.4
Maces & Flails | 1 2 |  2.4
Dodging        | 1 |  1.3
Armour         | 1 |  1.3
Spellcasting   | |  1.7
Necromancy     | |  2.6
Translocations | |  1.0
Evocations     | |  3.6

Action                     |  1- 3 |  4- 6 || total
---------------------------+-------+-------++-------
  Melee: Club              |    39 |       ||    39
         Whip              |   103 |   150 ||   253
         Punch             |     3 |     1 ||     4
    Use: Potion            |     1 |     1 ||     2
 Armour: Leather armour    |    36 |       ||    36
         Chain mail        |    10 |    93 ||   103
  Dodge: Dodged            |    86 |    51 ||   137
